 Dungeon Crawl Stone Soup version 0.31.0-9-g3a7656b989 (webtiles) character file.

Game seed: 16850303101775122268

130 Kallu the Apothecary (level 4, -2/24 HPs)
             Began as a Vampire Alchemist on Jan 31, 2024.
             Slain by an adder (4 damage)
             ... in a sewer.
             The game lasted 00:04:09 (2104 turns).

Kallu the Apothecary (Vampire Alchemist)            Turns: 2104, Time: 00:04:10

Health: -2/24      AC:  2    Str:  7    XL:     4   Next: 89%
Magic:  0/8        EV: 12    Int: 19    God:
Gold:   80         SH:  0    Dex: 14    Spells: 3/9 levels left

rFire   . . .        c - +0 dagger
rCold   + + .        (no shield)
rNeg    + + +        a - +0 robe
rPois   ∞            (no helmet)
rElec   .            (no cloak)
rCorr   .            (no gloves)
SInv    +            (no boots)
Will    .....        (no amulet)
Stlth   ++++         (no ring)
HPRegen 0.00/turn    (no ring)
MPRegen 0.11/turn

%: no passive effects
@: bloodless, inhibited regen
A: bloodless, fangs 3, see invisible, vampiric 2
a: Bat Form, Revivify


You were in a sewer.
You visited 1 branch of the dungeon, and saw 3 of its levels.
You also visited: Sewer.

You collected 80 gold pieces.

Inventory:

Hand Weapons
 c - a +0 dagger (weapon)
Missiles
 e - 10 poisoned darts
Armour
 a - a +0 robe (worn)
Jewellery
 i - a +6 ring of dexterity
Scrolls
 f - a scroll of fear
 j - a scroll of poison {unknown}
 k - a scroll of identify {unknown}
 m - a scroll of teleportation {unknown}
Potions
 b - a potion of magic
 d - a potion of brilliance {unknown}
 g - 2 potions of heal wounds {unknown}
 h - a potion of curing {unknown}
 l - a potion of mutation {unknown}


   Skills:
 - Level 2.1 Dodging
 - Level 3.0 Stealth
 - Level 3.0 Spellcasting
 - Level 1.0 Conjurations
 + Level 1.1 Air Magic
 + Level 5.2 Alchemy


You had 3 spell levels left.
You knew the following spells:

 Your Spells              Type           Power      Damage    Failure   Level
a - Sting                 Conj/Alch      56%        1d6       4%          1
b - Mercury Vapours       Alch/Air       28%        N/A       6%          2
c - Mephitic Cloud        Conj/Alch/Air  12%        N/A       17%         3

Your spell library contained the following spells:

 Spells                   Type           Power      Damage    Failure   Level
 Sandblast                Erth           4%         2d4       16%         1
 Stone Arrow              Conj/Erth      8%         3d7       36%         3
 Passwall                 Erth           2%         N/A       41%         3
 Olgreb's Toxic Radiance  Alch           22%        N/A       19%         4
 Sticky Flame             Fire/Alch      12%        2d5       45%         4
 Brom's Barrelling Bould  Conj/Erth      4%         2d3       77%         4


Dungeon Overview and Level Annotations

Branches:
Dungeon (3/15)              Sewer (1/1)

Altars:

Shops:
D:1 (


Innate Abilities, Weirdness & Mutations

You do not regenerate when monsters are visible.
You are frail without blood (-20% HP).
You can heal yourself when you bite living creatures.
You are immune to poison.
You have razor-sharp teeth.
You have supernaturally acute eyesight. (SInv)
You are afflicted with vampirism and can become a bat while bloodless.


Message History

Okay, then.
Unknown command.
The river rat attacks as it pursues you!
The river rat closely misses you.
A frilled lizard comes into view.
The endoplasm attacks as it pursues you!
The endoplasm hits you.
* * * LOW HITPOINT WARNING * * *
As you read the scroll labelled SEUXKYKKEB, it crumbles to dust.
You assume a fearsome visage.
The frilled lizard looks frightened!
The river rat looks frightened!
The endoplasm looks frightened! x2
It was a scroll of fear.
Aiming: Sting (safe; 4% risk of failure)
Press: ? - help, Q - select action, (/) - cycle Shift-Dir - straight line, f - river rat
Aim: a river rat (fleeing, 68% to hit)
Okay, then.
Unknown command.
You enter the shallow water.
Moving in this stuff is going to be slow.
Aiming: Sting (safe; 4% risk of failure)
Press: ? - help, Q - select action, (/) - cycle Shift-Dir - straight line, f - adder
Aim: an adder (53% to hit)
The sting misses the adder.
The adder closely misses you.
Unknown command.
Aiming: Sting (safe; 4% risk of failure)
Press: ? - help, Q - select action, (/) - cycle Shift-Dir - straight line, f/p - adder
Aim: an adder (53% to hit)
The sting hits the adder.
The adder is poisoned.
The adder is moderately wounded.
The adder bites you but does no damage. The frilled lizard misses you.
You don't have enough magic to cast this spell.
Unknown command.
Unknown command.
You completely miss the adder.
The adder is moderately wounded.
The adder barely misses you. The frilled lizard bites you.
* * * LOW HITPOINT WARNING * * *
The adder bites you.
You die...

#.. ###.~# ## ~.~~.##
#≈ ~~~~.#
############≈ #.~
##..~# #.~....~....~
#..##! #.~####
#~.....~....~ ~ #~S#~!
#.~S@.###..#########≈
~~ #~~~~.##~.l~~~##.~#
#≈
.~.##.~.##...##.~##~.#
## #..~.~.~#~..##
~~##..##########
#~.....~..##
.###..~~~.~~~~.~
##.~r~.~†## ##
#.~.~..~..†~.
###J†~~~.##
###########~.
#~.~.~.~.## #~.
#.~.###..~.# #.~


You could see an adder (poisoned) and a frilled lizard.

Vanquished Creatures
  Terence (D:2)
  3 adders
  A dart slug (D:2)
  6 ball pythons
  5 bats
  11 endoplasms
  5 giant cockroaches
  7 goblins (D:1)
  5 hobgoblins
  4 jackals (D:1)
  5 quokkas
  7 frilled lizards
  3 kobolds
  5 rats
68 creatures vanquished.

Notes
Turn   | Place    | Note
-------+----------+-------------------------------------------
     0 | D:1      | Kallu the Vampire Alchemist began the quest for the Orb.
     0 | D:1      | Reached XP level 1. HP: 13/13 MP: 3/3
   151 | D:1      | Reached XP level 2. HP: 19/19 MP: 0/5
   413 | D:1      | Reached skill level 1 in Conjurations
   490 | D:1      | Gained mutation: You are afflicted with vampirism and can
                  | become a bat while bloodless. [Vampire growth]
   490 | D:1      | Reached XP level 3. HP: 16/24 MP: 3/7
   494 | D:1      | Learned a level 2 spell: Mercury Vapours
   498 | D:1      | Learned a level 3 spell: Mephitic Cloud
   815 | D:1      | Found Veakli's Antique Weapon Shoppe.
   953 | D:1      | You fall into a shaft and drop 1 floor!
  1017 | D:2      | Noticed Terence
  1024 | D:2      | Killed Terence
  1025 | D:2      | Reached skill level 4 in Alchemy
  1121 | D:2      | Reached XP level 4. HP: 23/30 MP: 1/8
  1843 | D:3      | Reached skill level 5 in Alchemy
  1881 | D:3      | Found a glowing drain.
  1885 | Sewer    | Entered a sewer
  1999 | Sewer    | Reached skill level 1 in Air Magic
  2104 | Sewer    | Slain by an adder

Illustrated notes

Levels and vault maps discovered:
D:1:      mrwooster_arrival_statue, layout_loops_ring, serial_shops,
          nicolae_shop_hallway_plus, hangedman_abyss_or_decor_lesser_grid
D:2:      layout_loops_cross, serial_park_tiny_1, minmay_gold_behind_fungi,
          minmay_pentomino_z4, uniq_terence
D:3:      layout_basic, mainiacjoe_overflow_catch_the_wave,
          shapermc_ecumenical_altar_petra, gup_sewer_entry_bowl, uniq_ijyb
Sewer:    sewer_hellmonk_slimy_pipes

Skill      XL: |  1  2  3  4 |
---------------+-------------+-----
Spellcasting   | 3 |  3.0
Conjurations   | 1 |  1.0
Alchemy        | 4 5 |  5.2
Air Magic      | 1 |  1.1
Dodging        | |  2.1
Stealth        | |  3.0

Action                     |  1- 3 |  4- 6 || total
---------------------------+-------+-------++-------
  Melee: Unarmed           |     2 |       ||     2
         Dagger            |    65 |    37 ||   102
         Bite              |     4 |     4 ||     8
         Punch             |     1 |       ||     1
   Cast: Sting             |    49 |    54 ||   103
         Mercury Vapours   |     1 |       ||     1
Ability: Exsanguinate      |       |     1 ||     1
    Use: Scroll            |       |     1 ||     1
   Stab: Sleeping          |     2 |     1 ||     3
 Armour: Robe              |    62 |    37 ||    99
  Dodge: Dodged            |    49 |    41 ||    90
